 Dungeon Crawl Stone Soup version 0.30-a0-930-gb9d0489357 (webtiles) character file.

Game seed: 5306563331534601941

307 12sPaWn12 the Trooper (level 6, -1/66 HPs)
             Began as an Ogre Berserker on Mar 23, 2023.
             Was a Priest of Trog.
             Slain by a killer bee (5 damage)
             ... on level 4 of the Dungeon.
             The game lasted 00:04:59 (2991 turns).

12sPaWn12 the Trooper (Ogre Berserker)              Turns: 2991, Time: 00:05:00

Health: -1/66      AC:  5    Str: 24    XL:     6   Next: 40%
Magic:  6/6        EV: 10    Int:  8    God:    Trog [***...]
Gold:   188        SH:  0    Dex:  8    Spells: 5/5 levels left

rFire   . . .      SeeInvis .    i - +0 whip (elec)
rCold   + . .      Faith    .    (no shield)
rNeg    . . .      Spirit   .    b - +0 animal skin
rPois   .          Reflect  .    (helmet restricted)
rElec   .          Rampage  .    q - +1 cloak
rCorr   +                        (gloves unavailable)
Will    .....                    (boots unavailable)
Stlth   +                        (no amulet)
HPRegen 0.31/turn                e - ring of protection from cold
MPRegen 0.10/turn                l - ring of resist corrosion

@: lethally poisoned (-1 -> -7)
A: large, unfitting armour, tough skin 1
a: Renounce Religion, Berserk, Trog's Hand


You were on level 4 of the Dungeon.
You worshipped Trog.
Trog was most pleased with you.
You visited 1 branch of the dungeon, and saw 4 of its levels.

You collected 188 gold pieces.

Inventory:

Hand Weapons
 i - a +0 whip of electrocution (weapon)
Armour
 b - a +0 animal skin (worn)
 q - a +1 cloak (worn)
Jewellery
 e - a ring of protection from cold (left hand)
 j - a ring of willpower
 l - a ring of resist corrosion (right hand)
Scrolls
 c - a scroll of fear {unknown}
 g - 2 scrolls of enchant weapon {unknown}
 k - 6 scrolls of teleportation {unknown}
 m - a scroll of butterflies
 n - a scroll of noise {unknown}
 s - a scroll of torment {unknown}
Potions
 a - a potion of magic {unknown}
 d - a potion of resistance {unknown}
 f - 3 potions of lignification {unknown}
 h - a potion of degeneration {unknown}
 o - a potion of ambrosia {unknown}
 r - 2 potions of might {unknown}
 t - 2 potions of flight {unknown}


   Skills:
 * Level 5.4 Fighting
 * Level 4.5 Maces & Flails
 * Level 1.3 Armour
 * Level 4.0 Dodging


You had 5 spell levels left.
You didn't know any spells.
Your spell library was empty.

Dungeon Overview and Level Annotations

Branches:
Dungeon (4/15)
 Temple: D:4-7

Altars:
Dithmenos
Uskayaw
Zin


Innate Abilities, Weirdness & Mutations

You are too large for most types of armour.
You have tough skin. (AC +1)


Message History

The killer bee stings you but does no damage.
The killer bee stings you. The killer bee closely misses you.
The killer bee barely misses you.
You see here a hobgoblin corpse.
The killer bee attacks as you move away!
The killer bee stings you.
You are poisoned.
The killer bee poisons you!
The killer bee attacks as you move away!
The killer bee barely misses you.
You feel sick.
The killer bee stings you but does no damage.
The killer bee stings you.
The killer bee stings you but does no damage.
You feel sick. The killer bee stings you.
You are more poisoned.
The killer bee poisons you! The killer bee stings you.
* * * LOW HITPOINT WARNING * * *
The killer bee stings you.
* * * LOW HITPOINT WARNING * * *
The killer bee attacks as you move away!
The killer bee completely misses you.
The killer bee attacks as you move away!
The killer bee stings you but does no damage.
The killer bee attacks as you move away!
The killer bee stings you.
* * * LOW HITPOINT WARNING * * *
The killer bee attacks as you move away!
The killer bee barely misses you.
* * * LOW HITPOINT WARNING * * *
You feel very sick. The killer bee closely misses you.
The killer bee barely misses you. The killer bee closely misses you.
As you read the scroll labelled TUYPRAF OWKIANG, it crumbles to dust.
It is a scroll of identify.
m - a scroll of butterflies
* * * LOW HITPOINT WARNING * * *
You feel sick.
The killer bee stings you but does no damage. x2
The killer bee barely misses you. The killer bee stings you.
You die...

...#... ......#.#
#...#.#...........
#.#.........?.##.#
..#.#..##.........
....#......#.....#
#.......†........#
#................#
©.........yyy....#
#.........y@....##
#(..............#
#...............#
#.#.#.##...(....##### ...
.....#..#..........## ....
...#.#.##......###..###>...
.#. $..##...<..#...........
. #...........#.........##
...#.................# !.


You could see 4 killer bees.

Vanquished Creatures
  A phantom (D:3)
  A sleepcap (D:3)
  An iguana (D:4)
  2 orc wizards (D:3)
  5 adders
  3 worms
  2 dart slugs
  4 orcs (D:3)
  12 bats
  6 endoplasms
  3 giant cockroaches
  8 goblins
  5 hobgoblins
  2 jackals (D:1)
  4 ball pythons
  3 frilled lizards
  12 kobolds
  9 rats
83 creatures vanquished.

Notes
Turn   | Place    | Note
-------+----------+-------------------------------------------
     0 | D:1      | 12sPaWn12 the Ogre Berserker began the quest for the Orb.
     0 | D:1      | Reached XP level 1. HP: 24/24 MP: 1/1
    78 | D:1      | Reached XP level 2. HP: 23/32 MP: 2/2
   440 | D:1      | Reached XP level 3. HP: 39/40 MP: 3/3
   457 | D:1      | Reached ** piety under Trog
   648 | D:1      | Found a faded altar of an unknown god.
  1048 | D:2      | Found a hide-covered altar of Uskayaw.
  1286 | D:2      | Reached XP level 4. HP: 43/49 MP: 4/4
  1857 | D:3      | Reached skill level 5 in Fighting
  1857 | D:3      | Reached skill level 1 in Armour
  1857 | D:3      | Reached XP level 5. HP: 21/57 MP: 5/5
  2536 | D:3      | Noticed a phantom
  2568 | D:3      | Killed a phantom
  2569 | D:3      | Reached XP level 6. HP: 38/66 MP: 6/6
  2575 | D:3      | Reached *** piety under Trog
  2813 | D:3      | Found a glowing silver altar of Zin.
  2839 | D:4      | Noticed an ice beast
  2873 | D:4      | Found a shadowy altar of Dithmenos.
  2991 | D:4      | Slain by a killer bee

Illustrated notes

Levels and vault maps discovered:
D:1:      psy_arrival_statuary, layout_rooms,
          hellmonk_ecumenical_altar_leap_of_faith
D:2:      layout_basic, basic_altar
D:3:      layout_basic, zin_statuary, minmay_quantized
D:4:      layout_rooms, overflow_temple_1_default,
          nicolae_overflow_hidden_temple, nicolae_wu_jian_immortal_techniques,
          nemelex_dance_club_becter, gammafunk_ghost_stat_death

Skill      XL: |  1  2  3  4  5  6 |
---------------+-------------------+-----
Maces & Flails | 3 4 |  4.5
Dodging        | 3 4 |  4.0
Fighting       | 5 |  5.4
Armour         | 1 |  1.3

Action                     |  1- 3 |  4- 6 || total
---------------------------+-------+-------++-------
  Melee: Mace              |    33 |       ||    33
         Punch             |     4 |     2 ||     6
         Whip              |   102 |   184 ||   286
    Use: Potion            |       |     4 ||     4
         Scroll            |       |     1 ||     1
 Armour: Animal skin       |    39 |    66 ||   105
  Dodge: Dodged            |    69 |    72 ||   141

Table legend: (Time is in decaauts)
 A = Elapsed time spent in this place.
 B = Non-inter-level travel time spent in this place.
 C = Inter-level travel time spent in this place.
 D = Time resting spent in this place.
 E = Time spent auto-exploring this place.
 F = Levels seen in this place.
 G = Mean time per level.
                   A        B        C        D        E       F      G
               +--------+--------+--------+--------+--------+-----+--------+
         Total |   2976 |   2831 |    145 |      0 |   2208 |   4 |  744.0 |
       Dungeon |   2976 |   2831 |    145 |      0 |   2208 |   4 |  744.0 |
               +--------+--------+--------+--------+--------+-----+--------+

Top non-repeatable levels by time:
     D:3: 1302 daAuts
     D:2: 893 daAuts
     D:1: 712 daAuts
     D:4: 68 daAuts
